 Dungeon Sprint DCSS version 0.22.1-1-ga44c0e56f4 (webtiles) character file.

5858 MuseOD the Imperceptible (level 10, -2/52 (53) HPs)
             Began as a Spriggan Enchanter on Sept 22, 2018.
             Was a High Priest of Dithmenos.
             Slain by an elephant (3 damage)
             ... in the Dungeon (Sprint II: "The Violet Keep of Menkaure").
             The game lasted 00:04:41 (736 turns).

MuseOD the Imperceptible (Spriggan Enchanter)        Turns: 736, Time: 00:04:43

HP:   -2/52 (53)    AC:  2    Str:  4    XL:     10   Next: 52%
MP:   12/23         EV: 18    Int: 21    God:    Dithmenos [*****.]
Gold: 733           SH:  0    Dex: 16    Spells: 22/31 levels left

rFire    . . .     SeeInvis +   c - +6 quick blade
rCold    + . .     Gourm    .   (shield restricted)
rNeg     . . .     Faith    .   b - +0 robe
rPois    .         Spirit   .   (helmet restricted)
rElec    .         Reflect  .   (no cloak)
rCorr    .         Harm     .   (gloves unavailable)
MR       +....     NoTele   +   (boots unavailable)
Stlth    ++++++++++             (no amulet)
HPRegen  0.17/turn              (no ring)
MPRegen  0.18/turn              (no ring)

@: wreathed by umbra, very quick
A: very small, unfitting armour, see invisible, cold resistance 1, herbivore,
speed 3, low mp 1, slow metabolism 2
a: Shadow Step, Shadow Form, Renounce Religion


You were in the Dungeon.
You worshipped Dithmenos.
Dithmenos was extremely pleased with you.
You were not hungry.

You visited 1 branch You collected 1306 gold pieces.
You spent 573 gold pieces at shops.

Inventory:

Hand Weapons
 a - a +1 dagger
 c - a +6 quick blade (weapon)
Armour
 b - a +0 robe (worn)
Scrolls
 j - a scroll of blinking
Potions
 e - 2 potions of curing
 f - 3 potions of heal wounds
 g - a potion of haste
 h - 3 potions of magic
 i - a potion of ambrosia {unknown}
Comestibles
 d - a ration


   Skills:
 - Level 5.8 Fighting
 - Level 14.8 Short Blades
 - Level 3.0 Dodging
 + Level 21.4 Stealth
 + Level 11.1 Spellcasting
 + Level 11.3 Hexes


You had 22 spell levels left.
You knew the following spells:

 Your Spells              Type           Power        Failure   Level  Hunger
a - Corona                Hex            ######.      1%          1    None
b - Ensorcelled Hibernat  Hex/Ice        #####.       1%          2    None
c - Confuse               Hex            ######..     1%          3    None
d - Dazzling Spray        Conj/Hex       #####.       1%          3    None

Your spell library contained the following spells:

 Spells                   Type           Power        Failure   Level  Hunger
 Tukima's Dance           Hex            ######..     1%          3    None


Dungeon Overview and Level Annotations

Branches:
Dungeon (1/1)

Altars:
Cheibriados
Dithmenos
Elyvilon
Fedhas
Gozag
Hepliaklqana
Kikubaaqudgha
Makhleb
Nemelex Xobeh
Okawaru
Qazlal
Ru
Sif Muna
Trog
Uskayaw
Vehumet
Wu Jian
Xom
Yredelemnul
Zin
The Shining One
Beogh
Jiyva
Lugonu

Shops:
D (?:}[=[}!%=[=:=!

Annotations:
D exclusion: oklob plant, Kirke, Roxanne


Innate Abilities, Weirdness & Mutations

You are very small and have problems with some larger weapons.
You are too small for most types of armour.
You have supernaturally acute eyesight. (SInv)
You are a herbivore.
You cover ground extremely quickly.
You need to consume almost no food.
Your flesh is cold resistant. (rC+)
Your magical capacity is low. (-10% MP)


Message History

You kill the yaktaur captain!
Dithmenos accepts your kill.
Your Spellcasting skill increases to level 11!
Your Hexes skill increases to level 11!
The electric eel shoots out a bolt of lightning at you!
The bolt of electricity hits the electric eel.
The electric eel completely resists.
The bolt of electricity hits you!
Casting: Confuse (safe; 1% risk of failure)
Confirm with . or Enter, or press ? or * to list all spells.
Aiming: Confuse (safe; 1% risk of failure)
Press: ? - help, Shift-Dir - straight line, f - elephant
Aim: an elephant (umbra, chance to defeat MR: 41%)
The elephant resists with some effort.
Your shadow mimicks your spell!
The elephant resists with almost no effort.
The elephant tramples you!!
* * * LOW HITPOINT WARNING * * *
You emit a cloud of dark smoke.
You hold your ground!
The elephant trunk-slaps you.
You die...

##≈≈≈§§§§## ###§§§§§§§§§## ###
'≈§§§§§§§≈≈≈##++##
#..c####≈≈;;;;;≈§##≈...###
#YK.c.≈##;;;;;§§##e≈..^..#
##########≈≈#§§§#+++#####....# ##
#########≈≈≈§.≈≈)....#..'...(# k#
.......∩#≈≈≈≈.##Y##..#..####^# k#
∩.....∩.#≈≈≈≈##.@§##5####[.'.##.#
.∩...∩.∩#≈≈≈≈#.§#..#.35.#).#...##
∩.∩.∩.∩.#≈≈####.#.####..#####..##
.∩.∩.∩..#≈##†###'###.##..#..'..#.
..∩.∩...#≈#..###.###..#..#.†#..#.
...⌠....'≈+##.'.<.'##.+..####..##
........#≈#..###.##.#.#....###...
▓▓▓▓▓▓###≈##.###'###.##....§.≈≈≈≈
).Z######≈≈####.#.####≈≈.....≈#'#


You could see an elephant and 9 electric eels.

Vanquished Creatures
  A yaktaur captain (D)
  An ice dragon (D)
  3 shining eyes (D)
  A yaktaur (D)
  3 polar bears (D)
  A hornet (D)
  A blink frog (D)
  5 hippogriffs (D)
  4 neqoxecs (D)
  Menkaure (D)
  A soldier ant (D)
  4 necrophages (D)
  A crocodile (D)
  4 worker ants (D)
31 creatures vanquished.

Notes
Turn   | Place    | Note
-------+----------+-------------------------------------------
     0 | D        | MuseOD the Spriggan Enchanter began the quest for the Orb.
     0 | D        | Reached XP level 1. HP: 9/9 MP: 5/5
     1 | D        | Noticed a neqoxec
     4 | D        | Noticed a necrophage
     4 | D        | Noticed a necrophage
     4 | D        | Noticed a necrophage
     4 | D        | Noticed a necrophage
    11 | D        | Killed a necrophage
    11 | D        | Reached skill level 7 in Stealth
    11 | D        | Reached XP level 2. HP: 16/16 MP: 6/6
    11 | D        | Reached XP level 3. HP: 20/20 MP: 8/8
    11 | D        | Reached XP level 4. HP: 24/24 MP: 9/9
    15 | D        | Killed a necrophage
    15 | D        | Reached skill level 9 in Stealth
    15 | D        | Reached XP level 5. HP: 29/29 MP: 10/10
    20 | D        | Killed a necrophage
    20 | D        | Reached skill level 10 in Stealth
    25 | D        | Killed a necrophage
    25 | D        | Reached skill level 5 in Fighting
    25 | D        | Reached skill level 10 in Short Blades
    25 | D        | Reached skill level 11 in Stealth
    25 | D        | Reached XP level 6. HP: 34/34 MP: 11/11
    58 | D        | Learned a level 2 spell: Ensorcelled Hibernation
    62 | D        | Learned a level 3 spell: Confuse
    90 | D        | Noticed a hippogriff
    90 | D        | Noticed a hippogriff
    99 | D        | Killed a hippogriff
    99 | D        | Reached skill level 12 in Stealth
    99 | D        | Reached skill level 5 in Spellcasting
    99 | D        | Reached skill level 5 in Hexes
    99 | D        | Reached XP level 7. HP: 31/38 MP: 8/15
   102 | D        | Killed a hippogriff
   102 | D        | Reached skill level 13 in Stealth
   108 | D        | Noticed Roxanne
   117 | D        | Found an iron altar of Okawaru.
   117 | D        | Found an opulent altar of Gozag.
   118 | D        | Found a sparkling altar of Nemelex Xobeh.
   118 | D        | Found a blossoming altar of Fedhas.
   119 | D        | Found a radiant altar of Vehumet.
   119 | D        | Found a burning altar of Makhleb.
   119 | D        | Found a white marble altar of Elyvilon.
   120 | D        | Found a hide-covered altar of Uskayaw.
   120 | D        | Found a corrupted altar of Lugonu.
   120 | D        | Found a shadowy altar of Dithmenos.
   121 | D        | Found a glowing silver altar of Zin.
   121 | D        | Found a bloodstained altar of Trog.
   121 | D        | Found an ancient bone altar of Kikubaaqudgha.
   122 | D        | Found a basalt altar of Yredelemnul.
   122 | D        | Found a deep blue altar of Sif Muna.
   122 | D        | Found a viscous altar of Jiyva.
   123 | D        | Found a shimmering altar of Xom.
   123 | D        | Found a sacrificial altar of Ru.
   125 | D        | Found a glowing golden altar of the Shining One.
   125 | D        | Found an ornate altar of the Wu Jian Council.
   125 | D        | Found a stormy altar of Qazlal.
   125 | D        | Found a snail-covered altar of Cheibriados.
   125 | D        | Found a hazy altar of Hepliaklqana.
   126 | D        | Found a roughly hewn altar of Beogh.
   132 | D        | Became a worshipper of Dithmenos the Shadowed
   143 | D        | Noticed a hippogriff
   143 | D        | Noticed a hippogriff
   144 | D        | Noticed a hippogriff
   145 | D        | Killed a hippogriff
   145 | D        | Reached skill level 14 in Stealth
   146 | D        | Killed a hippogriff
   146 | D        | Reached XP level 8. HP: 34/43 MP: 9/21
   148 | D        | Killed a hippogriff
   148 | D        | Reached * piety under Dithmenos
   148 | D        | Reached skill level 15 in Stealth
   155 | D        | Noticed an ice dragon
   158 | D        | Killed an ice dragon
   158 | D        | Reached skill level 16 in Stealth
   158 | D        | Reached skill level 10 in Spellcasting
   158 | D        | Reached skill level 10 in Hexes
   158 | D        | Reached XP level 9. HP: 38/47 MP: 11/24
   165 | D        | Noticed a deep elf master archer
   168 | D        | Noticed a shining eye
   168 | D        | Noticed a shining eye
   168 | D        | Noticed a shining eye
   170 | D        | Killed a shining eye
   170 | D        | Reached skill level 17 in Stealth
   171 | D        | Killed a shining eye
   171 | D        | Reached ** piety under Dithmenos
   171 | D        | Reached skill level 18 in Stealth
   173 | D        | Killed a shining eye
   190 | D        | Noticed a yaktaur
   190 | D        | Noticed a polar bear
   191 | D        | Noticed a polar bear
   191 | D        | Noticed a polar bear
   192 | D        | Killed a polar bear
   192 | D        | Reached skill level 19 in Stealth
   193 | D        | Killed a polar bear
   195 | D        | Reached *** piety under Dithmenos
   196 | D        | Killed a polar bear
   196 | D        | Reached XP level 10. HP: 39/52 MP: 15/25
   198 | D        | Reached skill level 20 in Stealth
   285 | D        | Noticed a death drake
   299 | D        | Reached **** piety under Dithmenos
   299 | D        | Gained mutation: Your flesh is cold resistant. (rC+) [a
                  | neqoxec]
   300 | D        | Gained mutation: Your magical capacity is low. (-10% MP) [a
                  | neqoxec]
   327 | D        | Noticed Menkaure
   369 | D        | Killed Menkaure
   533 | D        | Found Qeocu's Jewellery Shoppe.
   533 | D        | Found Momofiq's Distillery.
   534 | D        | Found Ipyigix's Jewellery Shoppe.
   534 | D        | Found Hueboede's Book Emporium.
   535 | D        | Found Guaczigh's Jewellery Shoppe.
   535 | D        | Found Qimots's Antique Armour Emporium.
   536 | D        | Found Nuxaer's Distillery.
   536 | D        | Found Mucanleo's Food Emporium.
   537 | D        | Found Luafe's Gadget Shoppe.
   538 | D        | Found Xoly's Jewellery Emporium.
   538 | D        | Found Egycuarch's Antique Armour Shoppe.
   542 | D        | Found Jyugog's Antique Armour Emporium.
   542 | D        | Found Vel Sief's Gadget Shoppe.
   542 | D        | Noticed an oklob plant
   543 | D        | Found Otysiqawn's Magic Scroll Shoppe.
   543 | D        | Found Komatu's Antique Weapon Emporium.
   543 | D        | Found Keefrefek's Book Shoppe.
   553 | D        | Noticed a spiny frog
   572 | D        | Bought a glowing quick blade for 342 gold pieces
   579 | D        | Bought a potion of curing for 33 gold pieces
   579 | D        | Bought a potion of heal wounds for 55 gold pieces
   579 | D        | Bought a potion of magic for 88 gold pieces
   579 | D        | Bought a potion of heal wounds for 55 gold pieces
   592 | D        | Reached ***** piety under Dithmenos
   608 | D        | Noticed an elephant
   608 | D        | Noticed a centaur warrior
   608 | D        | Noticed Kirke
   608 | D        | Noticed a yaktaur captain
   608 | D        | Noticed a skeletal warrior
   706 | D        | Learned a level 3 spell: Dazzling Spray
   720 | D        | Reached skill level 21 in Stealth
   734 | D        | Killed a yaktaur captain
   736 | D        | HP: 1/52 [elephant (18)]
   736 | D        | Slain by an elephant

Skill      XL: |  1  2  3  4  5  6  7  8  9 10 |
---------------+-------------------------------+-----
Fighting       | 3 4 5 |  5.8
Short Blades   | 6 8 10 11 13 14 | 14.8
Stealth        | 7 9 11 12 14 16 19 21 | 21.4
Spellcasting   | 5 8 10 11 | 11.1
Hexes          | 5 8 10 11 | 11.3
Dodging        | |  3.0

Action                   |  1- 3 |  4- 6 |  7- 9 | 10-12 || total
-------------------------+-------+-------+-------+-------++-------
Melee: Dagger            |     6 |    21 |    12 |    34 ||    73
       Quick blade       |       |       |       |    11 ||    11
 Cast: Ensorcelled Hiber |       |     2 |     2 |     4 ||     8
       Confuse           |       |       |       |    18 ||    18
  Use: Potion            |     1 |       |       |       ||     1
 Stab: Sleeping          |       |     5 |    12 |     4 ||    21
       Confused          |       |       |       |     6 ||     6
Armor: Robe              |       |     1 |       |     6 ||     7
Dodge: Dodged            |     2 |     8 |       |    44 ||    54
